 Dungeon Crawl Stone Soup version 0.29-a0-477-g62b78b4225 (webtiles) character file.

Game seed: 5113764143154424367

27 Morbidden the Gusty (level 3, 0/33 HPs)
             Began as an Ogre Air Elementalist on May 25, 2022.
             Was an Initiate of Kikubaaqudgha.
             Succumbed to an adder's poison
             ... on level 2 of the Dungeon.
             The game lasted 00:01:36 (1828 turns).

Morbidden the Gusty (Ogre Air Elementalist)         Turns: 1828, Time: 00:01:37

Health: 0/33       AC:  3    Str: 12    XL:     3   Next: 10%
Magic:  4/7        EV:  9    Int: 18    God:    Kikubaaqudgha [......]
Gold:   47         SH:  0    Dex:  9    Spells: 6/7 levels left

rFire   . . .      SeeInvis .   (no weapon)
rCold   . . .      Faith    .   (no shield)
rNeg    . . .      Spirit   .   a - +0 robe
rPois   .          Reflect  .   (helmet restricted)
rElec   .          Harm     .   (no cloak)
rCorr   .          Rampage  .   (gloves unavailable)
Will    .....                   (boots unavailable)
Stlth   +.........              (no amulet)
HPRegen 0.11/turn               (no ring)
MPRegen 0.10/turn               (no ring)

@: lethally poisoned (0 -> -12)
A: large, unfitting armour, tough skin 1
a: Renounce Religion


You were on level 2 of the Dungeon.
You worshipped Kikubaaqudgha.
Kikubaaqudgha was noncommittal.
You visited 1 branch of the dungeon, and saw 2 of its levels.

You collected 47 gold pieces.

Inventory:

Armour
 a - a +0 robe (worn)
Scrolls
 e - a scroll of enchant weapon {unknown}
 f - 3 scrolls of identify {unknown}
 g - a scroll of fog {unknown}
 i - a scroll of fear {unknown}
 j - a scroll of noise {unknown}
Potions
 b - a potion of magic
 c - 2 potions of curing {unknown}
 d - a potion of mutation {unknown}
 h - a potion of lignification {unknown}


   Skills:
 * Level 1.5 Fighting
 * Level 1.9 Dodging
 + Level 1.4 Stealth
 * Level 0.9 Unarmed Combat
 * Level 2.8 Spellcasting
 * Level 1.0 Conjurations
 * Level 2.9 Air Magic


You had 6 spell levels left.
You knew the following spells:

 Your Spells              Type           Power      Damage    Failure   Level
a - Shock                 Conj/Air       36%        1d5       8%          1

Your spell library contained the following spells:

 Spells                   Type           Power      Damage    Failure   Level
 Static Discharge         Conj/Air       9%         N/A       11%         2
 Swiftness                Air            13%        N/A       16%         3
 Necrotize                Necr           8%         1d4       17%         1
 Vampiric Draining        Necr           2%         2d6       45%         3
 Airstrike                Air            6%         N/A       45%         4
 Anguish                  Hex/Necr       1%         N/A       86%         4
 Animate Dead             Necr           2%         N/A       86%         4


Dungeon Overview and Level Annotations

Branches:
Dungeon (2/15)

Altars:
Kikubaaqudgha


Innate Abilities, Weirdness & Mutations

You are too large for most types of armour.
You have tough skin. (AC +1)


Message History

Unknown command.
The helpless goblin fails to defend itself.
You hit the goblin.
You kill the goblin!
That felt strangely unrewarding.
You feel very sick. The adder bites you.
You are too injured to fight recklessly!
You are too injured to fight recklessly!
Unknown command.
You are too injured to fight recklessly!
You are too injured to fight recklessly!
You are too injured to fight recklessly!
Unknown command.
The helpless goblin fails to defend itself.
You hit the goblin.
You kill the goblin!
That felt strangely unrewarding.
You feel sick. The adder barely misses you.
The adder bites you but does no damage.
Unknown command.
You hit the adder.
The adder is lightly wounded.
You feel sick. The adder bites you.
You are more poisoned.
The adder poisons you!
You hit the adder.
The adder is heavily wounded.
You feel sick. The adder bites you.
* * * LOW HITPOINT WARNING * * *
You barely miss the adder.
The adder is heavily wounded.
* * * LOW HITPOINT WARNING * * *
You feel sick. The adder bites you.
* * * LOW HITPOINT WARNING * * *
You are more poisoned.
The adder poisons you!
You barely miss the adder.
The adder is heavily wounded.
You die...
Kikubaaqudgha rasps: "You have failed me!
Welcome... death!"

#.......# #......
#.......# #(.....
#.......# #####'#
#.......# ###.#
#.......# #...#
#.......#####[###
#......†..>......
#####†......##.######
#..S@.......##.#####.
#.###†......##.......
################. #.
## #


You could see an adder.

Vanquished Creatures
  8 goblins
  8 hobgoblins
  A kobold (D:1)
  A quokka (D:1)
  3 bats (D:1)
  4 rats
25 creatures vanquished.

Vanquished Creatures (others)
  A kobold (D:2)
1 creature vanquished.

Grand Total: 26 creatures vanquished

Notes
Turn   | Place    | Note
-------+----------+-------------------------------------------
     0 | D:1      | Morbidden the Ogre Air Elementalist began the quest for the
                  | Orb.
     0 | D:1      | Reached XP level 1. HP: 16/16 MP: 3/3
   349 | D:1      | Reached XP level 2. HP: 25/26 MP: 0/5
   590 | D:1      | Reached skill level 1 in Fighting
   803 | D:1      | Reached skill level 1 in Conjurations
  1066 | D:1      | Found a faded altar of an unknown god.
  1243 | D:1      | Prayed at the altar of an unknown god.
  1243 | D:1      | Became a worshipper of Kikubaaqudgha
  1243 | D:1      | Reached * piety under Kikubaaqudgha
  1243 | D:1      | Received a gift from Kikubaaqudgha
  1575 | D:2      | Reached XP level 3. HP: 31/33 MP: 7/7
  1828 | D:2      | Succumbed to an adder's poison

Illustrated notes

Levels and vault maps discovered:
D:1:      dpeg_arrival_rooms_a, layout_basic,
          hellmonk_ecumenical_altar_prayer_group, minmay_stone_trees_medium
D:2:      layout_basic, kennysheep_flooded_box

Skill      XL: |  1  2 |
---------------+-------+-----
Fighting       | 1 |  1.5
Conjurations   | 1 |  1.0
Dodging        | |  1.9
Stealth        | |  1.4
Unarmed Combat | |  0.9
Spellcasting   | |  2.8
Air Magic      | |  2.9

Action                   || total
-------------------------++-------
Melee: Unarmed           ||    52
 Cast: Shock             ||    44
Invok: Unearth Wretches  ||     2
 Stab: Paralysed         ||     3
Armor: Robe              ||    18
Dodge: Dodged            ||    26

Table legend: (Time is in decaauts)
 A = Elapsed time spent in this place.
 B = Non-inter-level travel time spent in this place.
 C = Inter-level travel time spent in this place.
 D = Time resting spent in this place.
 E = Time spent auto-exploring this place.
 F = Levels seen in this place.
 G = Mean time per level.
                   A        B        C        D        E       F      G
               +--------+--------+--------+--------+--------+-----+--------+
         Total |   1826 |   1732 |     94 |      0 |   1555 |   2 |  913.0 |
       Dungeon |   1826 |   1732 |     94 |      0 |   1555 |   2 |  913.0 |
               +--------+--------+--------+--------+--------+-----+--------+

Top non-repeatable levels by time:
     D:1: 1471 daAuts
     D:2: 354 daAuts
